 Dungeon Crawl Stone Soup version 0.28.0-43-g3370ac3207 (webtiles) character file.

Game seed: 622148188270807215

1746248 ChongLi the Sorcerer (level 25, 135/162 (164) HPs)
             Began as a Deep Elf Fire Elementalist on Mar 28, 2022.
             Was the Champion of Ashenzari.
             Escaped with the Orb
             ... and 3 runes on Apr 1, 2022!
             The game lasted 10:30:28 (62192 turns).

ChongLi the Sorcerer (Deep Elf Fire Elementalist)  Turns: 62192, Time: 10:30:28

HP:   135/162 (164) AC: 21    Str:  5    XL:     25   Next: 95%
MP:   38/56         EV: 21    Int: 34    God:    Ashenzari [******]
Gold: 3994          SH: 18    Dex: 15    Spells: 1/78 levels left

rFire   + + +      SeeInvis +   a - +3 Elemental Staff {rElec rF++ rC++ AC+5, Evo, Comp} (curse)
rCold   + + .      Faith    .   f - +4 kite shield of the Bound Sorrow {rPois, Cun, Range} (curse)
rNeg    . . .      Spirit   .   Z - +0 troll leather armour of Ashenzari's Yoke {Regen+, Bglg, Elem} (curse)
rPois   +          Reflect  .   O - +2 helmet "Failure of Ashenzari" {Evo, Comp} (curse)
rElec   +          Harm     .   y - +2 cloak "Eternal Inaction" {Comp, Bglg} (curse)
rCorr   .          Rampage  .   L - +2 pair of gloves of Supernal Wisdom {Elem, Fort} (curse)
Will    +++++      Clarity  +   i - +2 pair of boots of the Ruined Augurer {Comp, Bglg} (curse)
Stlth   ++........              w - amulet of Supernal Gnosis {Regen+, Elem, Cun} (curse)
HPRegen 1.97/turn               J - ring "Lashed Gnosis" {rF+ Will+++ Int+5 Slay-3, Self, Alch} (curse)
MPRegen 0.35/turn               z - ring "Thunder Perfect Mind" {Fire Fly Stlth+, Elem, Cun} (curse)

@: flying, studying Crossbows, lightly drained
A: claws 1, cold resistance 1, dopey 2, poison resistance, electricity
resistance, wild magic 1
0: Orb of Zot
}: 3/15 runes: barnacled, abyssal, gossamer
a: Renounce Religion, Shatter the Chains


You escaped.
You worshipped Ashenzari.
Ashenzari was exalted by your worship.
You visited 10 branches of the dungeon, and saw 48 of its levels.
You visited the Abyss 5 times.
You visited 1 bazaar.
You also visited: Ice Cave and Volcano.

You collected 6725 gold pieces.
You spent 2731 gold pieces at shops.

Inventory:

Hand Weapons
 a - the cursed +3 Elemental Staff (weapon) {rElec rF++ rC++ AC+5, Evo, Comp}
   (You found it on level 3 of the Elven Halls)

   If the wielder is skilled in Evocations, they can discharge powerful blasts
   of elemental energy when striking with it.
   It enhances your fire, ice, earth and air magic.
   AC:        It affects your AC (+5).
   rF:        It greatly protects you from fire.
   rC:        It greatly protects you from cold.
   rElec:     It insulates you from electricity.
   It has a curse which improves the following skills: Evocations: Evocations.
   Companions: Summonings and Necromancy.
Missiles
 G - 40 curare-tipped darts
 X - 8 throwing nets
Armour
 f - the cursed +4 kite shield of the Bound Sorrow (worn) {rPois, Cun, Range}
   (You took it off a draconian knight on level 3 of the Realm of Zot)

   It has a curse which improves the following skills: Cunning: Dodging and
   Stealth.
   Ranged Combat: Slings, Bows, Crossbows and Throwing.
 i - the cursed +2 pair of boots of the Ruined Augurer (worn) {Comp, Bglg}
   (You found it on level 1 of the Dungeon)

   It has a curse which improves the following skills: Companions: Summonings
   and Necromancy.
   Beguiling: Conjurations, Hexes and Translocations.
 y - the cursed +2 cloak "Eternal Inaction" (worn) {Comp, Bglg}
   (You found it on level 7 of the Dungeon)

   It has a curse which improves the following skills: Companions: Summonings
   and Necromancy.
   Beguiling: Conjurations, Hexes and Translocations.
 L - the cursed +2 pair of gloves of Supernal Wisdom (worn) {Elem, Fort}
   (You found it on level 2 of the Dungeon)

   It has a curse which improves the following skills: Elements: Fire Magic, Ice
   Magic, Air Magic and Earth Magic.
   Fortitude: Armour and Shields.
 O - the cursed +2 helmet "Failure of Ashenzari" (worn) {Evo, Comp}
   (You found it on level 5 of the Dungeon)

   It has a curse which improves the following skills: Evocations: Evocations.
   Companions: Summonings and Necromancy.
 Z - the cursed +0 troll leather armour of Ashenzari's Yoke (worn) {Regen+, Bglg, Elem}
   (You found it on level 9 of the Dungeon)

   Regen:     It increases your rate of health regeneration.
   It has a curse which improves the following skills: Beguiling: Conjurations,
   Hexes and Translocations.
   Elements:  Fire Magic, Ice Magic, Air Magic and Earth Magic.
Jewellery
 w - the cursed amulet of Supernal Gnosis (around neck) {Regen+, Elem, Cun}
   (You found it on level 2 of the Dungeon)

   [amulet of regeneration]

   Regen:     It increases your rate of health regeneration.
   It has a curse which improves the following skills: Elements: Fire Magic, Ice
   Magic, Air Magic and Earth Magic.
   Cunning:   Dodging and Stealth.
 z - the cursed ring "Thunder Perfect Mind" (right hand) {Fire Fly Stlth+, Elem, Cun}
   (You found it on level 6 of the Dungeon)

   [ring of fire]

   It enhances your fire magic.
   rF:        It protects you from fire.
   rC:        It makes you vulnerable to cold.
   Fly:       It grants you flight.
   Stlth:     It makes you more stealthy.
   It has a curse which improves the following skills: Elements: Fire Magic, Ice
   Magic, Air Magic and Earth Magic.
   Cunning:   Dodging and Stealth.
 J - the cursed ring "Lashed Gnosis" (left hand) {rF+ Will+++ Int+5 Slay-3, Self, Alch}
   (You bought it in a shop in a bazaar)

   [ring of protection from fire]

   Int:       It affects your intelligence (+5).
   Slay:      It affects your accuracy & damage with ranged weapons and melee
   (-3).
   rF:        It protects you from fire.
   Will:      It greatly increases your willpower.
   It has a curse which improves the following skills: Introspection: Fighting
   and Spellcasting.
   Alchemy:   Poison Magic and Transmutations.
 U - the ring "Ycuarch" {rElec rPois Int+4}
   (You took it off a hell knight on level 1 of the Depths)

   [ring of poison resistance]

   Int:       It affects your intelligence (+4).
   rElec:     It insulates you from electricity.
   rPois:     It protects you from poison.
Wands
 e - a wand of flame (8)
 m - a wand of paralysis (11)
 o - a wand of digging (1)
 D - a wand of iceblast (15)
 K - a wand of polymorph (30)
 N - a wand of charming (14)
 V - a wand of acid (29)
Scrolls
 b - 2 scrolls of summoning
 d - 6 scrolls of holy word {!r}
 g - 6 scrolls of immolation
 h - 6 scrolls of torment
 q - 4 scrolls of blinking {!r}
 x - 3 scrolls of fog {!r}
 F - a scroll of silence
 H - 4 scrolls of magic mapping
 Q - a scroll of amnesia
 R - 3 scrolls of vulnerability
 T - 20 scrolls of teleportation {!r}
 Y - 4 scrolls of fear {!r}
Potions
 c - 5 potions of magic
 n - 10 potions of ambrosia {!q}
 s - 12 potions of heal wounds {!q}
 u - 7 potions of might {!q}
 v - 3 potions of resistance
 A - 5 potions of cancellation
 C - 4 potions of mutation
 E - 15 potions of curing {!q}
 M - 5 potions of brilliance
 P - 5 potions of haste {!q}
 S - 5 potions of invisibility
 W - 7 potions of attraction
Miscellaneous
 j - a lightning rod (4/4)
 r - a condenser vane
 B - a tin of tremorstones (2/2)


   Skills:
 - Level 16.2(18.7) Fighting
 - Level 16.3(21.2) Dodging
 - Level 2.4(6.2) Stealth
 + Level 13.2(15.7) Shields
 - Level 24.8(27) Spellcasting
 - Level 12.8(17.9) Conjurations
 - Level 5.8(10.7) Hexes
 - Level 8.1(14.2) Summonings
 - Level 20.1(25.9) Necromancy
 - Level 2.4(4.5) Transmutations
 - Level 10.0(16.1) Fire Magic
 - Level 23.6(27) Ice Magic
 - Level 5.0(8.7) Evocations


You had one spell level left.
You knew the following spells:

 Your Spells              Type           Power      Damage    Failure   Level
a - Foxfire               Conj/Fire      100%       2x1d9     1%          1
b - Scorch                Fire           100%       2d10      1%          2
d - Orb of Destruction    Conj           60%        9d15      1%          7
e - Flame Wave            Conj/Fire      100%       2d17      1%          4
f - Fireball              Conj/Fire      84%        3d31      1%          5
g - Apportation           Tloc           100%       N/A       1%          1
i - Summon Mana Viper     Hex/Summ       100%       N/A       1%          5
j - Yara's Violent Unrav  Hex/Tmut       45%        3d18      3%          5
s - Sublimation of Blood  Necr           100%       N/A       1%          2
v - Polar Vortex          Ice            82%        N/A       3%          9
x - Magic Dart            Conj           100%       1d8       1%          1
B - Blink                 Tloc           100%       N/A       2%          2
D - Death's Door          Necr           69%        N/A       5%          9
F - Freezing Cloud        Conj/Ice/Air   82%        6-21      1%          5
L - Necromutation         Tmut/Necr      57%        N/A       22%         8
O - Borgnjor's Revivific  Necr           69%        N/A       1%          8
P - Inner Flame           Hex/Fire       100%       N/A       1%          3

Your spell library contained the following spells:

 Spells                   Type           Power      Damage    Failure   Level
 Animate Skeleton         Necr           100%       N/A       1%          1
 Beastly Appendage        Tmut           100%       N/A       1%          1
 Pain                     Necr           100%       1d9       1%          1
 Slow                     Hex            100%       N/A       1%          1
 Summon Small Mammal      Summ           100%       N/A       1%          1
 Call Imp                 Summ           100%       N/A       1%          2
 Corpse Rot               Necr/Air       100%       N/A       1%          2
 Passwall                 Tmut/Erth      75%        N/A       1%          2
 Searing Ray              Conj           100%       2d8       1%          2
 Wereblood                Tmut           79%        N/A       1%          2
 Call Canine Familiar     Summ           100%       N/A       1%          3
 Confusing Touch          Hex            100%       N/A       1%          3
 Conjure Flame            Conj/Fire      100%       6-21      1%          3
 Mephitic Cloud           Conj/Pois/Air  100%       N/A       1%          3
 Portal Projectile        Hex/Tloc       100%       N/A       1%          3
 Stone Arrow              Conj/Erth      100%       3d13      1%          3
 Summon Guardian Golem    Hex/Summ       100%       N/A       1%          3
 Tukima's Dance           Hex            100%       N/A       1%          3
 Vampiric Draining        Necr           100%       2d13      1%          3
 Animate Armour           Summ/Erth      100%       N/A       1%          4
 Animate Dead             Necr           69%        N/A       1%          4
 Fulminant Prism          Conj/Hex       56%        3d25      1%          4
 Summon Ice Beast         Ice/Summ       100%       N/A       1%          4
 Summon Lightning Spire   Summ/Air       100%       N/A       1%          4
 Agony                    Necr           100%       N/A       1%          5
 Borgnjor's Vile Clutch   Necr/Erth      66%        N/A       1%          5
 Excruciating Wounds      Necr           69%        N/A       1%          5
 Irradiate                Conj/Tmut      51%        3d31      1%          5
 Lightning Bolt           Conj/Air       60%        1d83      1%          5
 Simulacrum               Ice/Necr       82%        N/A       1%          6
 Starburst                Conj/Fire      84%        6d21      1%          6
 Summon Cactus Giant      Summ           55%        N/A       1%          6
 Leda's Liquefaction      Hex/Erth       53%        N/A       2%          4
 Poisonous Vapours        Pois/Air       100%       N/A       3%          2
 Summon Forest            Summ/Tloc      45%        N/A       3%          5
 Spellforged Servitor     Conj/Summ      58%        N/A       3%          7
 Lesser Beckoning         Tloc           60%        N/A       4%          3
 Monstrous Menagerie      Summ           55%        N/A       5%          7
 Summon Hydra             Summ           55%        N/A       5%          7
 Petrify                  Tmut/Erth      90%        N/A       7%          4
 Iron Shot                Conj/Erth      60%        9d11      7%          6
 Blade Hands              Tmut           39%        N/A       9%          5
 Airstrike                Air            40%        N/A       13%         4
 Passage of Golubria      Tloc           60%        N/A       14%         4
 Ignition                 Fire           83%        3d21      17%         8
 Manifold Assault         Tloc           60%        N/A       34%         5
 Statue Form              Tmut/Erth      60%        N/A       63%         6
 Eringya's Noxious Bog    Tmut/Pois      34%        N/A       67%         6
 Lehudib's Crystal Spear  Conj/Erth      60%        10d14     91%         8
 Storm Form               Tmut/Air       45%        N/A       99%         7
 Maxwell's Capacitive Co  Air            40%        ∞         100%        8


Dungeon Overview and Level Annotations

Branches:
Dungeon (15/15)            Temple (1/1) D:7            Lair (6/6) D:11
 Shoals (4/4) Lair:2       Spider (4/4) Lair:3        Slime (0/5) Lair:5
    Orc (2/2) D:10            Elf (3/3) Orc:2        Vaults (4/5) D:13
  Crypt (0/3) Vaults:2     Depths (4/4) D:15            Zot (5/5) Depths:4
  IceCv (visited)         Volcano (visited)

Altars:
Ashenzari
Cheibriados
Dithmenos
Elyvilon
Fedhas
Gozag
Hepliaklqana
Kikubaaqudgha
Makhleb
Nemelex Xobeh
Okawaru
Qazlal
Ru
Sif Muna
Trog
Uskayaw
Vehumet
Wu Jian
Xom
Yredelemnul
Zin
The Shining One

Shops:
D:3 ::   D:15 =   Orc:1 (   Orc:2 ?=[*!   Shoals:2 ***   Depths:2 :

Portals:
Abyss: Lair:1 Depths:1 Depths:3
Pandemonium: Orc:2 Depths:2
Ziggurat: Depths:1

Annotations:
Lair:1 2 transporters, exclusion: downstairs, boopmooplesden's ghost, journeyman MiBe
Vaults:3 2 transporters
Vaults:4 exclusion: 4 downstairs
Depths:1 3 runed translucent doors, Himmaryad's ghost, adept TrMo
Depths:2 Jory


Innate Abilities, Weirdness & Mutations

You have sharp fingernails.
Your flesh is cold resistant. (rC+)
You are very dopey. (Int -4)
Your system is resistant to poisons. (rPois)
You are resistant to electric shocks. (rElec)
Your spells are a little harder to cast, but a little more powerful.


Message History

The winds around you start to calm down.
The Hell Sentinel hits you but does no damage.
The Hell Sentinel completely misses you.
You are engulfed in whirling frost.
The Hell Sentinel gestures at you.
The sphere of damnation explodes!
The damnation engulfs you!!!
The damnation engulfs the Hell Sentinel.
The Hell Sentinel completely resists.
You are engulfed in whirling frost.
Casting: Polar Vortex (dangerous; 3% risk of failure)
Confirm with . or Enter, or press ? or * to list all spells.
You blink.
The winds around you calm down.
Casting: Blink (safe; 2% risk of failure)
Confirm with . or Enter, or press ? or * to list all spells.
Aiming: Orb of Destruction (dangerous; 1% risk of failure)
Press: ? - help, Shift-Dir - straight line, f - Hell Sentinel
Aim: a Hell Sentinel (translocational energy, almost dead)
The Hell Sentinel gestures at you.
The sphere of damnation explodes!
The damnation engulfs you!!!
* * * LOW HITPOINT WARNING * * *
You feel a bit more experienced.
You see here 19 stones.
A soul eater comes into view.
Casting: Orb of Destruction (dangerous; 1% risk of failure)
Confirm with . or Enter, or press ? or * to list all spells.
You feel a surge of power!
A great freezing vortex appears around you.
The soul eater misses you. The soul eater hits you!
You feel drained.
Your magical contamination has completely faded away.
You kill the soul eater!
A tree falls to the furious winds!
The winds around you start to calm down.
You are engulfed in whirling frost.
You are engulfed in whirling frost.
The winds around you calm down.
There is an open door here.
There is a staircase leading out of the dungeon here.
You have escaped!

#####♣.......#..#.P...P..#..#
##.♣......#..#....P.P.#..#
##♣♣.....#..#.P.P.P..#..#
♣♣♣...#..#..P.P.P.#..#
♣♣..#'##....8..8#'##
♣♣##..##########..##
###....'.....(#....#
###....#......'....#
####e.##########..##
######### #### #########


There were no monsters in sight!

Vanquished Creatures
  A pandemonium lord (Zot:1)
  An ancient lich (Zot:5)
  2 orbs of fire (Zot:5)
  2 juggernauts (Depths:1)
  6 Killer Klowns
  A caustic shrike (Depths:1)
  5 golden dragons
  A profane servitor (Abyss:3)
  A Tzitzimitl (Zot:5)
  A Brimstone Fiend (D:14)
  An electric golem (Zot:5)
  Rupert (D:15)
  An Ice Fiend (D:11)
  Jorgrun (D:14)
  2 liches
  2 Hell Sentinels
  5 tentacled monstrosities
  3 quicksilver dragons
  3 deep elf blademasters
  22 Orb Guardians
  5 death cobs
  Mlioglotl (Spider:2)
  A walking divine tome (Depths:1)
  2 deep elf master archers (Elf:3)
  5 sphinxes
  Frances (D:13)
  An ancient champion (Vaults:2)
  5 tentacled starspawn
  2 shadow dragons
  6 storm dragons
  Agnes (Spider:2)
  2 draconian knights
  9 emperor scorpions
  15 vault wardens
  5 draconian monks
  3 deep elf sorcerers (Elf:3)
  3 frost giants
  2 draconian scorchers
  An iron dragon (Depths:4)
  9 ghost moths
  A juggernaut zombie (Depths:2)
  5 fire giants
  A balrug (Abyss:4)
  5 draconian stormcallers
  3 reapers
  18 ironbound preservers
  5 deep elf elementalists (Elf:3)
  11 ironbound thunderhulks
  A juggernaut skeleton (Depths:2)
  26 very ugly things
  3 broodmothers
  12 stone giants
  5 vampire knights
  4 black draconians
  13 dire elephants
  6 entropy weavers
  3 deep elf annihilators
  9 deep elf demonologists
  2 purple draconians
  7 green draconians
  8 red draconians
  A white draconian (Zot:2)
  6 yellow draconians
  A minotaur (Shoals:4)
  6 spark wasps
  A blizzard demon (Abyss:3)
  3 eidola
  9 deep elf death magi
  A merfolk javelineer (Shoals:4)
  4 merfolk impalers
  A quicksilver dragon zombie (D:15)
  7 ice dragons
  4 ettins
  4 deep elf high priests
  8 yaktaur captains
  13 great orbs of eyes
  11 fire dragons
  10 rakshasas
  2 demonspawn (Orc:2)
  A naga warrior (Abyss:4)
  A jorogumo (Abyss:3)
  Harold (D:10)
  2 peacekeepers
  3 spriggan air magi
  A spriggan skeleton (Abyss:4)
  8 boulder beetles
  17 hydras
  9 centaur warriors
  2 radroaches (Spider:4)
  4 alligator snapping turtles
  21 vault guards
  5 merfolk avatars
  6 ironbound frosthearts
  3 merfolk aquamancers
  3 catoblepae (Lair:6)
  9 deep troll shamans
  8 tengu warriors
  20 dancing weapons
  7 deep troll earth magi
  6 death yaks (Lair:6)
  6 two-headed ogres
  15 satyrs
  3 vampire magi
  12 thrashing horrors
  4 orc high priests (Orc:2)
  Urug (Lair:2)
  2 hell knights (Depths:1)
  A shock serpent (shapeshifter) (Abyss:2)
  22 deep elf knights
  2 spriggans (Depths:2)
  3 spriggan berserkers
  5 sixfirhies
  13 wretched stars
  A fire crab (Lair:4)
  A storm dragon zombie (Depths:2)
  3 sun demons
  5 soul eaters
  2 shadow wraiths
  5 pharaoh ants
  8 iron trolls
  13 sea snakes
  2 skeletal warriors (D:15)
  4 spatial maelstroms
  3 glowing orange brains
  3 sun moths
  A shadow demon (Abyss:1)
  8 orb spiders
  33 starcursed masses
  6 steelbarb worms
  A spark wasp zombie (D:15)
  7 deep elf archers
  4 necromancers
  62 deep trolls
  17 wizards
  A flayed ghost (Abyss:3)
  The ghost of issech the Cudgeller, a novice TrMo of Hepliaklqana (D:6)
  5 orc knights
  15 ironbound convokers
  15 harpies
  2 bog bodies (IceCv)
  30 deep elf pyromancers
  32 deep elf zephyrmancers
  14 lindwurms
  Pikel (D:4)
  19 large abominations
  3 oklob plants
  20 manticores
  4 cyclopes
  10 orc sorcerers
  A mana viper (Abyss:3)
  14 wolf spiders
  38 ugly things
  17 fauns
  A moth of wrath (shapeshifter) (Elf:1)
  12 moths of wrath
  A salamander (Abyss:4)
  6 worldbinders
  20 vault sentinels
  A dire elephant zombie (Abyss:4)
  17 elephants
  A guardian serpent (Abyss:4)
  6 water nymphs
  3 smoke demons
  8 black mambas
  4 merfolk sirens
  An ice statue (IceCv)
  A gargoyle (D:14)
  9 torpor snails
  A naga mage (Abyss:3)
  2 apocalypse crabs
  An orange demon (Abyss:3)
  A dire elephant skeleton (Abyss:4)
  17 komodo dragons
  24 cane toads
  12 demonic crawlers
  5 kobold demonologists
  5 rime drakes
  4 freezing wraiths
  Psyche (D:11)
  4 tengu conjurers
  6 efreet
  2 tormentors
  An entropy weaver simulacrum (IceCv)
  18 yaktaurs
  2 queen bees
  8 ancient zymes
  A hydra zombie (Abyss:3)
  28 merfolk
  4 spriggan zombies
  A harpy zombie (Abyss:3)
  2 anaconda simulacra
  A silent spectre (Vaults:3)
  8 trolls
  2 meliai (shapeshifter)
  16 meliai
  2 hornets (Depths:2)
  6 wind drakes
  22 tarantellas
  3 polar bears
  5 snapping turtles
  20 blink frogs
  A sphinx simulacrum (Depths:2)
  10 raiju
  7 dream sheep
  2 culicivoras (shapeshifter)
  16 slime creatures
  27 jumping spiders
  18 culicivoras
  2 air elementals
  3 shadows
  2 vampires (D:12)
  10 wyverns
  9 humans (D:13)
  6 wraiths
  6 ynoxinuls
  4 fire bats
  4 chaos spawn
  12 water elementals
  58 yaks
  8 basilisks
  2 fire elementals (Elf:3)
  A neqoxec (Abyss:5)
  4 steam dragons
  38 redbacks
  12 vampire mosquitoes
  A naga zombie (Abyss:4)
  A warg (shapeshifter) (Abyss:4)
  3 harpy simulacra
  7 wargs
  4 death yak simulacra (IceCv)
  11 spatial vortices
  2 nagas (Abyss:4)
  Duvessa (D:5)
  A human zombie (D:15)
  3 acid dragons
  17 water moccasins
  3 ice beasts (D:6)
  25 orc warriors
  5 boggarts (Vaults:3)
  3 black bears
  6 ogres
  An ogre (shapeshifter) (Depths:2)
  3 sky beasts
  12 wolves
  13 centaurs
  3 lemures (D:4)
  2 phantoms
  9 bullfrogs
  14 kobold brigands
  A gnoll sergeant (D:13)
  2 scorpions
  6 two-headed ogre simulacra (IceCv)
  A wyvern zombie (D:5)
  A wyvern skeleton (D:6)
  2 water moccasin zombies
  21 small abominations
  Dowan (D:5)
  4 elephant simulacra (IceCv)
  28 killer bees (Lair:3)
  13 wights
  An electric eel (Lair:2)
  6 howler monkeys
  2 jellies
  6 crimson imps (Abyss:3)
  A lava snake (D:8)
  4 centaur zombies
  2 quasits
  2 hounds
  A gnoll shaman (D:5)
  25 orc priests
  2 centaur skeletons
  12 orc wizards
  An iguana (D:6)
  4 troll simulacra (IceCv)
  5 spriggan simulacra (IceCv)
  2 killer bee zombies
  A wolf simulacrum (IceCv)
  3 bullfrog simulacra (D:6)
  A howler monkey zombie (D:8)
  Robin (D:2)
  18 gnolls
  6 adders
  3 howler monkey skeletons
  A river rat (Lair:3)
  5 naga simulacra (IceCv)
  4 shadow imps
  20 white imps
  7 ufetubi
  2 worms
  A dart slug (D:2)
  55 orcs
  5 ball pythons
  9 endoplasms
  3 giant cockroaches
  12 goblins
  11 hobgoblins
  8 jackals
  21 kobolds
  3 quokkas
  6 bats
  2 frilled lizards
  3 rats
  2 bushes (Lair:2)
  A butterfly (Lair:1)
  A foxfire (Lair:4)
  A lurking horror (Abyss:5)
  9 plants
  7 starspawn tentacles
  A withered plant (D:15)
2165 creatures vanquished.

Vanquished Creatures (collateral kills)
  Donald (Shoals:1)
  Roxanne (D:15)
  A deep elf demonologist (Elf:3)
  A manticore (Lair:4)
  2 elephants
  A polar bear (Lair:5)
  2 blink frogs (Lair:5)
  A yak (Lair:5)
  A jelly (Lair:5)
  11 foxfires
22 creatures vanquished.

Vanquished Creatures (others)
  A centaur (Volcano)
  14 bushes
  A butterfly (Depths:1)
  1526 foxfires
  48 fungi
  A lurking horror (Abyss:2)
  187 plants
  7 starspawn tentacles
  12 withered plants (D:15)
1797 creatures vanquished.

Grand Total: 3984 creatures vanquished

Notes
Turn   | Place    | Note
-------+----------+-------------------------------------------
     0 | D:1      | ChongLi the Deep Elf Fire Elementalist began the quest for
                  | the Orb.
     0 | D:1      | Reached XP level 1. HP: 10/10 MP: 6/6
   150 | D:1      | Reached skill level 4 in Spellcasting
   150 | D:1      | Reached XP level 2. HP: 15/15 MP: 0/9
   324 | D:1      | Learned a level 2 spell: Scorch
   692 | D:1      | Found a faded altar of an unknown god.
  1026 | D:2      | Reached XP level 3. HP: 19/19 MP: 8/11
  1126 | D:2      | Reached skill level 5 in Spellcasting
  1584 | D:2      | Noticed Robin
  1727 | D:2      | Learned a level 3 spell: Conjure Flame
  1731 | D:2      | Learned a level 3 spell: Inner Flame
  1735 | D:2      | the endoplasm falls through a shaft!
  1735 | D:2      | The shaft crumbles and collapses.
  1888 | D:2      | Killed Robin
  1889 | D:2      | Reached skill level 6 in Spellcasting
  1889 | D:2      | Reached XP level 4. HP: 24/24 MP: 4/14
  2774 | D:3      | Found Teacsid's Book Emporium.
  3136 | D:3      | Found Vileps's Book Boutique.
  3618 | D:4      | Noticed a lemure
  3620 | D:4      | Noticed a lemure
  3621 | D:4      | Noticed Pikel
  3622 | D:4      | Noticed a lemure
  3623 | D:4      | Noticed a lemure
  3829 | D:4      | Reached XP level 5. HP: 28/28 MP: 8/15
  3916 | D:4      | Identified the +11 plate armour of Articulation {Fly Regen+
                  | Dex+4}
  3950 | D:4      | Noticed a phantom
  4011 | D:4      | Killed a phantom
  4012 | D:4      | Reached skill level 5 in Fire Magic
  4206 | D:4      | Killed a lemure
  4211 | D:4      | Killed a lemure
  4279 | D:4      | Killed a lemure
  4393 | D:4      | Killed Pikel
  4394 | D:4      | Reached XP level 6. HP: 32/32 MP: 7/17
  4394 | D:4      | Reached XP level 7. HP: 36/36 MP: 7/18
  5035 | D:5      | Entered Level 5 of the Dungeon
  5353 | D:5      | Noticed Duvessa
  5353 | D:5      | Noticed Dowan
  5376 | D:5      | Gained mutation: Your spells are a little harder to cast,
                  | but a little more powerful. [potion of mutation]
  5376 | D:5      | Gained mutation: Your flesh is cold resistant. (rC+)
                  | [potion of mutation]
  5376 | D:5      | Gained mutation: Your mind is acute. (Int +2) [potion of
                  | mutation]
  5376 | D:5      | Gained mutation: You are resistant to electric shocks.
                  | (rElec) [potion of mutation]
  5376 | D:5      | HP: 2/33 [Dowan/+2 dagger of venom (2)]
  5452 | D:5      | Killed Duvessa
  5495 | D:5      | Killed Dowan
  5496 | D:5      | Reached XP level 8. HP: 41/41 MP: 8/19
  5826 | D:5      | Reached skill level 10 in Fire Magic
  5831 | D:5      | Learned a level 4 spell: Flame Wave
  6251 | D:5      | Identified the +9 whip "Vorots" {vorpal, Fragile rC+ Dex+5}
  6415 | D:5      | Found an ancient bone altar of Kikubaaqudgha.
  6418 | D:5      | Found an opulent altar of Gozag.
  6699 | D:6      | Found a runed translucent gate.
  6699 | D:6      | Found a runed translucent gate.
  6699 | D:6      | Found a runed translucent gate.
  6758 | D:6      | Reached skill level 5 in Conjurations
  7066 | D:6      | Reached skill level 7 in Spellcasting
  7169 | D:6      | Reached skill level 8 in Spellcasting
  7345 | D:6      | Reached XP level 9. HP: 45/45 MP: 14/23
  7464 | D:6      | Identified the +3 hunting sling of the Sun {flame, rN+}
  7563 | D:6      | Reached skill level 9 in Spellcasting
  7601 | D:6      | Noticed a deep elf zephyrmancer
  7656 | D:6      | Noticed issech's ghost (novice TrMo)
  7974 | D:7      | Noticed a two-headed ogre
  7984 | D:7      | Found a staircase to the Ecumenical Temple.
  7988 | D:7      | Reached skill level 1 in Fighting
  7997 | Temple   | Entered the Ecumenical Temple
  8192 | Temple   | Became a worshipper of Ashenzari the Shackled
  8852 | D:7      | Noticed a troll
  8967 | D:7      | Killed a troll
  9220 | D:7      | Reached skill level 5 in Fighting
  9223 | D:7      | Killed a two-headed ogre
  9224 | D:7      | Reached skill level 5 in Dodging
  9330 | D:7      | Reached XP level 10. HP: 59/59 MP: 6/25
 10515 | D:9      | Reached skill level 10 in Dodging
 10519 | D:9      | Reached skill level 1 in Evocations
 11042 | D:9      | Found a burning altar of Makhleb.
 11052 | D:9      | Found a hazy altar of Hepliaklqana.
 11154 | D:9      | Reached skill level 5 in Evocations
 11156 | D:9      | Learned a level 1 spell: Magic Dart
 11160 | D:9      | Learned a level 3 spell: Mephitic Cloud
 11372 | D:9      | Found a shimmering altar of Xom.
 11765 | D:10     | Entered Level 10 of the Dungeon
 11765 | D:10     | Noticed Harold
 11775 | D:10     | Killed Harold
 11776 | D:10     | Reached skill level 10 in Spellcasting
 12149 | D:10     | Reached XP level 11. HP: 63/63 MP: 19/27
 12227 | D:10     | Found a staircase to the Orcish Mines.
 12248 | D:10     | Reached skill level 11 in Spellcasting
 12456 | D:10     | Noticed a two-headed ogre
 12461 | D:10     | Killed a two-headed ogre
 12500 | D:10     | Noticed a two-headed ogre
 12505 | D:10     | Killed a two-headed ogre
 12506 | D:10     | Reached skill level 12 in Spellcasting
 12988 | D:11     | Noticed a purple ugly thing
 13012 | D:11     | Noticed a seven-headed hydra
 13019 | D:11     | Killed a seven-headed hydra
 13020 | D:11     | Reached skill level 5 in Hexes
 13022 | D:11     | Noticed Psyche
 13051 | D:11     | Killed Psyche
 13069 | D:11     | Found a frozen archway.
 13164 | IceCv    | Entered an ice cave
 13171 | IceCv    | Learned a level 1 spell: Apportation
 13174 | IceCv    | Learned a level 2 spell: Call Imp
 13463 | IceCv    | Reached skill level 1 in Summonings
 14714 | IceCv    | Noticed a bog body
 14778 | IceCv    | Noticed a bog body
 14781 | IceCv    | Killed a bog body
 14787 | IceCv    | Killed a bog body
 14888 | IceCv    | Reached skill level 1 in Ice Magic
 14965 | IceCv    | Got the Grimoire of Necromancy
 15454 | D:11     | Reached XP level 12. HP: 64/68 MP: 18/30
 15553 | D:11     | Reached * piety under Ashenzari
 15674 | D:11     | Reached skill level 5 in Ice Magic
 15981 | D:11     | Found a staircase to the Lair.
 16153 | D:12     | Noticed a boulder beetle
 16333 | Lair:1   | Entered Level 1 of the Lair of Beasts
 16541 | Lair:1   | Noticed boopmooplesden's ghost (journeyman MiBe)
 16579 | Lair:1   | Found a transporter.
 16593 | Lair:1   | Found a transporter.
 16593 | Lair:1   | Found a one-way gate to the infinite horrors of the Abyss.
 16773 | Lair:1   | Noticed a five-headed hydra
 16793 | Lair:1   | Killed a five-headed hydra
 16794 | Lair:1   | Reached skill level 13 in Spellcasting
 17841 | Lair:2   | Reached ** piety under Ashenzari
 17941 | Lair:2   | Noticed Urug
 17980 | Lair:2   | Killed Urug
 17981 | Lair:2   | Reached skill level 14 in Spellcasting
 18129 | Lair:2   | Identified the ring of Ocsudyl {Fire Fly Stlth+}
 18410 | Lair:2   | Noticed a seven-headed hydra
 18426 | Lair:2   | Killed a seven-headed hydra
 18946 | Lair:2   | Found a staircase to the Shoals.
 19315 | Lair:2   | Learned a level 5 spell: Summon Mana Viper
 19615 | D:3      | Bought a book of Spatial Translocations for 286 gold pieces
 19619 | D:3      | Learned a level 2 spell: Blink
 19913 | D:6      | Killed issech's ghost
 19914 | D:6      | Reached skill level 15 in Spellcasting
 20022 | D:6      | Identified the ring of Ocsudyl {Fire Fly Stlth+}
 20223 | D:7      | Learned a level 5 spell: Freezing Cloud
 21273 | Lair:3   | Reached XP level 13. HP: 76/76 MP: 11/35
 21548 | Lair:3   | Found a hole to the Spider Nest.
 22098 | Lair:3   | Reached skill level 16 in Spellcasting
 22806 | Lair:3   | Reached skill level 17 in Spellcasting
 23223 | Lair:3   | Identified the +6 dagger "Qeus" {flame, *Noise rN++ Str+3
                  | Stlth+}
 23375 | Lair:3   | Learned a level 2 spell: Sublimation of Blood
 23416 | Lair:3   | Reached skill level 18 in Spellcasting
 23641 | Lair:3   | Reached *** piety under Ashenzari
 24011 | Lair:3   | Reached skill level 1 in Necromancy
 24123 | Lair:4   | Noticed a dire elephant
 24407 | Lair:4   | Identified the +4 flail "Manelaemn" {speed, rCorr}
 24725 | Lair:4   | Killed a dire elephant
 24833 | Lair:4   | Reached skill level 5 in Summonings
 24833 | Lair:4   | Reached XP level 14. HP: 82/83 MP: 27/40
 25499 | Lair:4   | Learned a level 5 spell: Fireball
 25737 | Lair:5   | Found a staircase to the Slime Pits.
 25899 | Lair:5   | Reached skill level 10 in Conjurations
 26115 | Lair:5   | Learned a level 7 spell: Orb of Destruction
 26969 | Lair:6   | Entered Level 6 of the Lair of Beasts
 27496 | Lair:6   | Reached skill level 10 in Ice Magic
 27610 | Lair:6   | Learned a level 5 spell: Yara's Violent Unravelling
 27810 | Lair:6   | Reached XP level 15. HP: 88/88 MP: 28/41
 29154 | D:13     | Noticed Frances
 29192 | D:13     | Killed Frances
 29665 | D:13     | Identified the +0 kite shield of Hiywnisy {Dex+5}
 29802 | D:13     | Found a gate to the Vaults.
 30009 | Orc:1    | Entered Level 1 of the Orcish Mines
 30275 | Orc:1    | Found Emeahiar's Antique Weapon Shop.
 30461 | Orc:2    | Entered Level 2 of the Orcish Mines
 30461 | Orc:2    | Found a staircase to the Elven Halls.
 30461 | Orc:2    | Found a burning altar of Makhleb.
 30491 | Orc:2    | Found Xig Qei's Magic Scroll Shoppe.
 30576 | Orc:2    | Found a dark tunnel.
 30591 | Volcano  | Entered a volcano
 30827 | Orc:2    | Reached skill level 15 in Ice Magic
 30877 | Orc:2    | Paralysed by an orc sorcerer for 7 turns
 31393 | Orc:2    | Found Ipaucuid's Distillery.
 31461 | Orc:2    | Found Leyrampa's General Store.
 31660 | Orc:2    | Reached XP level 16. HP: 78/92 MP: 24/42
 31695 | Orc:2    | Found Obusufog's Jewellery Shoppe.
 31695 | Orc:2    | Found Kocvaimy's Antique Armour Emporium.
 31703 | Orc:2    | Found a one-way gate leading to the halls of Pandemonium.
 31719 | Orc:2    | Bought a tattered robe for 182 gold pieces
 31719 | Orc:2    | Identified the +1 robe of Entitlement {Stlth+} (You bought
                  | it in a shop on level 2 of the Orcish Mines)
 32258 | D:14     | Identified a scroll of acquirement
 32271 | D:14     | Acquired 1048 gold pieces
 32342 | D:14     | Identified the +1 dagger of Bodily Humours {elec, Int+3}
 32345 | D:14     | Noticed Jorgrun
 32363 | D:14     | Found a sacrificial altar of Ru.
 32567 | D:14     | Killed Jorgrun
 33126 | D:15     | Entered Level 15 of the Dungeon
 33174 | D:15     | Found a staircase to the Depths.
 33327 | D:15     | Identified Roxanne's Papyrus of Transmutation
 33327 | D:15     | Noticed Roxanne
 33429 | D:15     | Killed Roxanne
 33453 | D:15     | Noticed Rupert
 33783 | Orc:2    | Bought the ring of Rolat {+Blink rPois Str+7 Int-3 Dex+6}
                  | for 936 gold pieces
 34038 | Spider:1 | Entered Level 1 of the Spider Nest
 34293 | Shoals:1 | Entered Level 1 of the Shoals
 34293 | Shoals:1 | Noticed Donald
 34301 | Shoals:1 | Killed Donald
 34302 | Shoals:1 | Reached skill level 19 in Spellcasting
 35610 | Shoals:2 | Learned a level 9 spell: Polar Vortex
 35613 | Shoals:2 | Found Inighot's Mass Market.
 35627 | Shoals:2 | Identified the ring "Qouphiech" {*Corrode rElec rPois Int-3
                  | Dex+6}
 35775 | Shoals:2 | Found Xocuurph's Specific Store.
 35782 | Shoals:2 | Found Udacwol's General Store.
 36420 | Shoals:2 | Reached **** piety under Ashenzari
 36884 | Shoals:3 | Reached XP level 17. HP: 95/97 MP: 35/44
 36953 | Shoals:3 | HP: 8/97 [satyr/arrow (25)]
 38218 | Spider:1 | Identified the +2 robe "Ojudoruh" {Str+6 Int+4}
 38831 | Spider:2 | Noticed Mlioglotl
 38839 | Spider:2 | Killed Mlioglotl
 39027 | Spider:2 | Noticed Agnes
 39033 | Spider:2 | Killed Agnes
 40451 | Spider:4 | Entered Level 4 of the Spider Nest
 40814 | Spider:4 | Reached XP level 18. HP: 93/103 MP: 32/45
 41213 | Spider:4 | Found the +3 hat of Pondering {ponderous, Will+ MP+10
                  | Int+5}
 41240 | Spider:4 | Reached skill level 5 in Necromancy
 41271 | Spider:4 | Got a gossamer rune of Zot
 41684 | Elf:1    | Entered Level 1 of the Elven Halls
 41699 | Elf:1    | Identified the +8 dagger "Asiwiuss" {spect, rF+}
 42589 | D:14     | Reached ***** piety under Ashenzari
 42822 | D:3      | Bought a Necronomicon for 616 gold pieces
 43116 | Elf:1    | Reached skill level 10 in Necromancy
 43154 | Elf:1    | Acquired the ring "Nouseeny" {rF+ rN+++ Str+5 Dex-5}
 43740 | Elf:2    | Paralysed by an air elemental for 1 turns
 43806 | Elf:2    | Identified the +10 halberd "Eqot" {holy, rC- rN+ Str+3
                  | Dex+4}
 44008 | Elf:2    | Found a runed translucent gate.
 44008 | Elf:2    | Found a runed translucent gate.
 44008 | Elf:2    | Found a runed translucent gate.
 44610 | Elf:3    | Entered Level 3 of the Elven Halls
 44660 | Elf:3    | Identified the +6 scale mail of the Circus Animal {Will+
                  | MP+9 Stlth-}
 45043 | Elf:3    | Reached skill level 1 in Shields
 45043 | Elf:3    | Reached XP level 19. HP: 108/108 MP: 26/46
 45444 | Elf:3    | Reached skill level 5 in Shields
 45569 | Elf:3    | Identified the +6 trident of Terra Nullius {drain, Str-2
                  | Int+3 Dex+6}
 45725 | Elf:3    | Identified the +4 falchion "Ofyobb" {flame, rElec Dex+2}
 45991 | Elf:3    | Reached ****** piety under Ashenzari
 46004 | Elf:3    | Identified Sif Muna's Incunabulum of Virous Stones
 46116 | Elf:3    | Found the +3 Elemental Staff {rElec rF++ rC++ AC+5}
 46538 | Shoals:4 | Entered Level 4 of the Shoals
 46780 | Shoals:4 | Identified the ring of the Nine Spreadsheets {rC+ Int+4}
 46790 | Shoals:4 | Paralysed by a sphinx for 6 turns
 46839 | Shoals:4 | Identified the Papyrus of the Mountains and Calling
 46849 | Shoals:4 | Reached skill level 15 in Necromancy
 47182 | Shoals:4 | Got a barnacled rune of Zot
 47862 | Vaults:1 | Entered Level 1 of the Vaults
 47917 | Vaults:1 | Found a flickering gateway to a bazaar.
 47934 | Bazaar   | Entered a bazaar
 47957 | Bazaar   | Found Ymemyg's Weapon Shoppe.
 47980 | Bazaar   | Found Giheeful's Weapon Boutique.
 48016 | Bazaar   | Found Odetelech's Weapon Boutique.
 48071 | Bazaar   | Found Jinnig's Antique Armour Emporium.
 48078 | Bazaar   | Bought a bloodstained robe for 136 gold pieces
 48078 | Bazaar   | Identified the +2 robe of the Salmon {rF+ Slay+3} (You
                  | bought it in a shop in a bazaar)
 48078 | Bazaar   | Bought a glowing orb for 288 gold pieces
 48109 | Bazaar   | Found Jinum's Jewellery Shoppe.
 48114 | Bazaar   | Bought the ring "Rarherch" {rF+ Will+++ Int+5 Slay-3} for
                  | 287 gold pieces
 48438 | Vaults:1 | Reached skill level 20 in Spellcasting
 48513 | Vaults:1 | Reached XP level 20. HP: 105/108 MP: 25/46
 48672 | Vaults:1 | Reached skill level 21 in Spellcasting
 49246 | Vaults:1 | Reached skill level 22 in Spellcasting
 49949 | Vaults:2 | Reached skill level 23 in Spellcasting
 50104 | Vaults:2 | Found a staircase to the Crypt.
 50372 | Vaults:2 | Reached skill level 24 in Spellcasting
 50558 | Vaults:2 | Learned a level 9 spell: Death's Door
 51733 | Vaults:3 | Reached XP level 21. HP: 118/118 MP: 49/54
 53109 | Vaults:2 | Learned a level 8 spell: Borgnjor's Revivification
 53373 | Vaults:3 | Found a bloodstained altar of Trog.
 53373 | Vaults:3 | Found the +8 Wrath of Trog {antimagic, *Rage Rampage}
 53415 | Vaults:3 | Found a transporter.
 53421 | Vaults:3 | Found a transporter.
 55282 | D:15     | Found Qyxem's Jewellery Shop.
 55295 | D:15     | Killed Rupert
 55738 | Depths:1 | Entered Level 1 of the Depths
 55738 | Depths:1 | Noticed a juggernaut
 55738 | Depths:1 | Found a hazy altar of Hepliaklqana.
 55742 | Depths:1 | Killed a juggernaut
 55801 | Depths:1 | Reached XP level 22. HP: 81/124 MP: 30/55
 55997 | Depths:1 | Identified the +8 falchion of Suicidal Tendencies {freeze,
                  | Int+3}
 56005 | Depths:1 | Reached skill level 15 in Dodging
 56071 | Depths:1 | the elephant falls through a shaft!
 56071 | Depths:1 | The shaft crumbles and collapses.
 56131 | Depths:1 | Voluntarily entered the Abyss.
 56412 | Abyss:3  | Found a corrupted altar of Lugonu.
 56960 | Abyss:5  | Entered Level 5 of the Abyss
 57038 | Depths:1 | Escaped the Abyss
 57132 | Depths:1 | Voluntarily entered the Abyss.
 57154 | Abyss:1  | Paralysed by accursed screaming for 1 turns
 57158 | Abyss:1  | Paralysed by accursed screaming for 1 turns
 57192 | Depths:1 | Escaped the Abyss
 57206 | Depths:1 | Noticed a caustic shrike
 57211 | Depths:1 | Killed a caustic shrike
 57274 | Depths:1 | Voluntarily entered the Abyss.
 57289 | Abyss:1  | Paralysed by accursed screaming for 1 turns
 57535 | Abyss:3  | Found an ancient bone altar of Kikubaaqudgha.
 57604 | Abyss:3  | Found an ancient bone altar of Kikubaaqudgha.
 57641 | Abyss:3  | Found a runed translucent door.
 57707 | Abyss:3  | Found a runed translucent door.
 57740 | Abyss:3  | Found a corrupted altar of Lugonu.
 57784 | Abyss:3  | Found a runed translucent door.
 57930 | Depths:1 | Escaped the Abyss
 58227 | Depths:1 | Voluntarily entered the Abyss.
 58269 | Abyss:2  | Found a corrupted altar of Lugonu.
 58279 | Abyss:2  | Identified the ring of Bainysep {rN+ Int+7 Dex+6}
 58293 | Abyss:2  | Found a transporter.
 58295 | Abyss:2  | Found a corrupted altar of Lugonu.
 58297 | Abyss:2  | Found a transporter.
 58343 | Abyss:2  | Found a transporter.
 58366 | Depths:1 | Escaped the Abyss
 58393 | Depths:1 | Voluntarily entered the Abyss.
 58466 | Abyss:3  | Found a corrupted altar of Lugonu.
 58592 | Abyss:3  | Reached skill level 10 in Fighting
 58592 | Abyss:3  | Reached XP level 23. HP: 121/139 MP: 41/56
 58592 | Abyss:3  | Reached XP level 24. HP: 126/144 MP: 41/56
 58592 | Abyss:3  | Got an abyssal rune of Zot
 58719 | Abyss:3  | Found a corrupted altar of Lugonu.
 58745 | Depths:1 | Escaped the Abyss
 58901 | Depths:1 | Found a runed translucent gate.
 58901 | Depths:1 | Found a runed translucent gate.
 58901 | Depths:1 | Found a runed translucent gate.
 58902 | Depths:1 | Noticed Himmaryad's ghost (adept TrMo)
 58902 | Depths:1 | Identified the +0 pair of boots of Vehumet's Vengeance
                  | {rPois rF++ Str-4 Stlth+}
 58934 | Depths:1 | Found a white marble altar of Elyvilon.
 58979 | Depths:1 | Identified the ring "Ycuarch" {rElec rPois Int+4}
 59025 | Depths:1 | Learned a level 8 spell: Necromutation
 59092 | Depths:1 | Found a white marble altar of Elyvilon.
 59225 | Depths:1 | Found a one-way gateway to a ziggurat.
 59324 | Depths:2 | Identified the +0 swamp dragon scales "Onui" {rPois rF+}
 59328 | Depths:2 | Found Bumyxack's Book Emporium.
 59828 | Depths:4 | Entered Level 4 of the Depths
 59866 | Depths:4 | Found a gate to the Realm of Zot.
 59971 | Depths:4 | Reached skill level 15 in Fighting
 60115 | Zot:1    | Entered Level 1 of the Realm of Zot
 60155 | Zot:1    | Reached XP level 25. HP: 111/162 MP: 21/56
 60294 | Zot:2    | Noticed a Killer Klown
 60310 | Zot:2    | Killed a Killer Klown
 60349 | Zot:3    | Identified the +0 ring mail "Jitz" {rCorr}
 60826 | Zot:4    | Noticed a Killer Klown
 60831 | Zot:4    | Killed a Killer Klown
 60942 | Zot:5    | Entered Level 5 of the Realm of Zot
 61081 | Zot:5    | Noticed an ancient lich
 61087 | Zot:5    | Killed an ancient lich
 61088 | Zot:5    | Reached skill level 10 in Shields
 61102 | Zot:5    | Noticed a Killer Klown
 61102 | Zot:5    | Noticed a Killer Klown
 61112 | Zot:5    | Noticed a Killer Klown
 61112 | Zot:5    | Killed a Killer Klown
 61113 | Zot:5    | Killed a Killer Klown
 61114 | Zot:5    | Noticed an orb of fire
 61121 | Zot:5    | Gained mutation: Potions are less effective at restoring
                  | your health. [mutagenic glow]
 61122 | Zot:5    | Lost mutation: Potions are less effective at restoring your
                  | health. [potion of mutation]
 61122 | Zot:5    | Lost mutation: Your mind is acute. (Int +2) [potion of
                  | mutation]
 61122 | Zot:5    | Gained mutation: You are partially covered in large bone
                  | plates. (SH +4) [potion of mutation]
 61127 | Zot:5    | Killed a Killer Klown
 61135 | Zot:5    | Gained mutation: Potions are less effective at restoring
                  | your health. [mutagenic glow]
 61145 | Zot:5    | Gained mutation: You are dopey. (Int -2) [an orb of fire]
 61147 | Zot:5    | Killed an orb of fire
 61267 | Zot:5    | Noticed a Killer Klown
 61270 | Zot:5    | Noticed an orb of fire
 61274 | Zot:5    | Gained mutation: You are very dopey. (Int -4) [an orb of
                  | fire]
 61275 | Zot:5    | Killed a Killer Klown
 61277 | Zot:5    | Killed an orb of fire
 61370 | Zot:5    | Got the Orb of Zot
 61653 | Zot:1    | Noticed Ruche the pandemonium lord
 61667 | Zot:1    | Killed Ruche the pandemonium lord
 61692 | Zot:1    | Lost mutation: Potions are less effective at restoring your
                  | health. [potion of mutation]
 61692 | Zot:1    | Lost mutation: You are partially covered in large bone
                  | plates. (SH +4) [potion of mutation]
 61692 | Zot:1    | Gained mutation: You have sharp fingernails. [potion of
                  | mutation]
 61692 | Zot:1    | Gained mutation: Your system is resistant to poisons.
                  | (rPois) [potion of mutation]
 61735 | Depths:2 | Identified the +1 scale mail of Parlour Games {rC+ Will-
                  | Str+4 SInv}
 61735 | Depths:2 | Noticed Jory
 61735 | Depths:2 | Identified the amulet of Vywa {RegenMP Rampage rPois rF-
                  | Dex+2}
 61780 | Depths:1 | Noticed a juggernaut
 61786 | Depths:1 | Killed a juggernaut
 62192 | D:$      | Escaped with the Orb!

Illustrated notes

Levels and vault maps discovered:
D:1:      sevenhm_arrival_forest_fort_large_4, layout_rooms,
          hellmonk_ecumenical_altar_inner_sanctum
D:2:      layout_basic, uniq_robin
D:3:      layout_loops_ring, serial_shops, nicolae_shop_trees, shop,
          chequers_big_river
D:4:      layout_gridville, nicolae_elevator_lobby_plus, uniq_pikel
D:5:      layout_loops_corners, grunt_temple_overflow_open, uniq_duvessa
D:6:      layout_basic, gammafunk_ghost_icy, minmay_misc_feat_secret_circle,
          guppyfry_early_elven_hall
D:7:      layout_layer_cave, minmay_temple_entry_from_below_b,
          minmay_manual_monstrance
D:8:      layout_rooms, kennysheep_doodads
D:9:      lemuel_troll_bridge, layout_loops_ring, mainiacjoe_overflow_big_doors,
          mainiacjoe_overflow_boulevard
D:10:     layout_cave_pods, minmay_orc_entry_guard_dogs, uniq_harold
D:11:     layout_loops_ring, lair_entry_dummy, portal_ice_cave_entry_pillars_2,
          uniq_psyche
D:12:     layout_cave_pools
D:13:     layout_rooms, ximxim_vaults_locker_room, uniq_frances
D:14:     wander_river, layout_cave_pools, hangedman_ru_absence,
          elves_outpost_lemuel, uniq_jorgrun
D:15:     gammafunk_depths_entry_grave, layout_loops_ring, serial_shops,
          nicolae_shop_hallway_plus, minmay_misc_feat_enclosed,
          item_on_display_a, uniq_roxanne, uniq_rupert
Temple:   minmay_crystal_spiral_temple
Lair:1:   layout_cellular_growth, gammafunk_ghost_abyssal_escape,
          chequers_serial_rivers_micro_e, st_stairs_8,
          chequers_serial_rivers_room_a, lemuel_fruit_fields
Lair:2:   wad_woods_structure_01, layout_gridlike, minmay_shoals_entry_centaurs,
          uniq_urug
Lair:3:   regret_index_harrowing_hell_hive, layout_cellular_growth,
          spider_nest_entry_a
Lair:4:   layout_loops_ring, hangedman_lair_unloving_vines, fungi_pond_lemuel,
          nicolae_lair_lakeside_cave, infiniplex_staircase_pool
Lair:5:   layout_small_grid, nicolae_slime_entry_slimehenge,
          beast_lair_carwin_10, serial_bayou_shore_a
Lair:6:   evilmike_catoblepas_cave, layout_regular_city
Shoals:1: layout_shoals, uniq_donald
Shoals:2: layout_shoals, minmay_shop_mass, nicolae_specific_store
Shoals:3: layout_shoals
Shoals:4: shoals_end_hellmonk_lost_city, serial_shops
Spider:1: layout_spider_delve, hellmonk_spider_spawner
Spider:2: layout_spider_delve, uniq_agnes, uniq_mlioglotl
Spider:3: layout_spider_delve, nicolae_spider_not_touching_you
Spider:4: grunt_spider_rune_circles
Orc:1:    layout_diamond_mine, serial_shops, shop
Orc:2:    pf_orc_diabolical, layout_diamond_mine, serial_shops,
          nicolae_shop_hallway_stairs, nicolae_volcano_entry_batcave,
          bloody_makhleb
Elf:1:    layout_onion_city, kennysheep_underground_church, drop_trap,
          nicolae_elf_vaults_five_recruitment_drive
Elf:2:    elven_hall_of_blades_hangedman_original [nooodl_blade_entry_preview],
          layout_geoelf_diagonals, serial_glass, glass_columns_b,
          glass_columns_a
Elf:3:    elf_hall_gauntlet_wide, layout_geoelf_grid, hellmonk_bongcloud_opening
Vaults:1: ontoclasm_vaults_pinch, v_rooms_2, v_misc_10, v_misc_29, v_pattern_2,
          nicolae_vaults_big_ls, grunt_vaults_swirl, vaults_mumra_chevron_long,
          nicolae_vaults_little_squares_3, vaults_room_hallway, serial_ice_b,
          layout_vaults_omnicross, serial_shops, freezing_bzr
Vaults:2: vaults_mumra_hex, v_misc_25, vaults_room_stairs_pillars,
          nicolae_vaults_little_squares_5, v_alt_pattern_5,
          minmay_crypt_entry_simple_walls, nicolae_vaults_border_crossing,
          vaults_room_pools, v_misc_14, vaults_room_fancy_cross,
          nicolae_vaults_yaktaur_gun_rack, nicolae_vaults_little_squares_2,
          ontoclasm_vaults_fault, layout_vaults_ring
Vaults:3: dpeg_vaults_monster_row, v_misc_33, ontoclasm_vaults_bender,
          emtedronai_trogs_sanctum, v_misc_31, ontoclasm_vaults_misaligned,
          v_misc_10, vaults_room_fours, v_rooms_6, vaults_room_hallway,
          ontoclasm_vaults_gateway, layout_vaults_omnibox
Vaults:4: v_pattern_5, v_misc_15, nicolae_vaults_little_squares_3,
          vaults_standard_mumra_lines, ontoclasm_vaults_eye,
          vaults_room_stairs_pillars, layout_vaults_omnigrid
Depths:1: minmay_the_grid_square_5x5_5x5 [minmay_the_grid_square_5x5_c,
          minmay_the_grid_square_5x5_bridge, minmay_the_grid_square_5x5_comb,
          minmay_the_grid_square_5x5_mess, minmay_the_grid_square_5x5_shrine1,
          minmay_the_grid_square_5x5_checkered_sparse,
          minmay_the_grid_square_5x5_prize_waves,
          minmay_the_grid_square_5x5_bite,
          minmay_the_grid_square_5x5_prize_deathbox,
          minmay_the_grid_square_5x5_half_checkered,
          minmay_the_grid_square_5x5_bracketed,
          minmay_the_grid_square_5x5_three_small,
          minmay_the_grid_square_5x5_prize_monsterx,
          minmay_the_grid_square_5x5_percent, minmay_the_grid_square_5x5_z,
          minmay_the_grid_square_5x5_v,
          minmay_the_grid_square_5x5_prize_rear_guard,
          minmay_the_grid_square_5x5_inverted_slash,
          minmay_the_grid_square_5x5_prize_itemx,
          minmay_the_grid_square_5x5_inner_i,
          minmay_the_grid_square_5x5_beaten_path,
          minmay_the_grid_square_5x5_three,
          minmay_the_grid_square_5x5_minivault,
          minmay_the_grid_square_5x5_shuriken,
          minmay_the_grid_square_5x5_longway], layout_cave_shapes,
          enter_ziggurat_b, gammafunk_ghost_tricky_traps,
          nicolae_elyvilon_peaceful_grove, serial_column_ruins,
          column_ruins_portal_astroid, column_ruins_grid_1, column_ruins_grid_1,
          column_ruins_columns_corner, column_ruins_grid_1,
          column_ruins_columns_T, pf_hell_entry_great_geh,
          nicolae_hepliaklqana_hazy_memory, uniq_asterion
Depths:2: due_jory_tower, layout_long_grid, pf_coc_iceberg, pan_entry,
          minmay_guarded_unrand_tortoise, minmay_shop_grove,
          minmay_staircase_statues_hall_small
Depths:3: kennysheep_scales, layout_long_grid, serial_sigils,
          serial_sigils_hangedman_scar, serial_sigils_hangedman_quiver,
          serial_sigils_hangedman_gut, serial_sigils_hangedman_carve,
          hangedman_glass_teeth, abyss_entry, hell_entry, lemuel_flamethrower_3
Depths:4: evilmike_zot_entry_argh, layout_cave_pools, hell_entry,
          abyss_entry_flame_altar, grunt_pan_entry_zigzag,
          nemelex_spade_bored_becter
Zot:1:    hellmonk_paralyzer, layout_concentric_octagons
Zot:2:    layout_gridlike, grunt_megastairs_1
Zot:3:    layout_misc_corridors, hangedman_player_shredder, grunt_megastairs_4
Zot:4:    layout_misc_corridors, grunt_megastairs_2
Zot:5:    layout_gridlike, drop_trap

Skill      XL: |  1  2  3  4  5  6  7  8  9 10 11 12 13 14 15 16 17 18 19 20 21 22 23 24 25 |
---------------+----------------------------------------------------------------------------+-----
Spellcasting   | 4 6 8 9 10 12 15 18 19 20 24 | 24.8
Fire Magic     | 4 8 9 10 | 10.0
Conjurations   | 6 8 12 | 12.8
Fighting       | 5 6 10 15 16 | 16.2
Dodging        | 6 10 14 16 | 16.3
Evocations     | 5 |  5.0
Hexes          | 5 |  5.8
Summonings     | 4 5 8 |  8.1
Ice Magic      | 3 7 9 10 16 19 23 | 23.6
Necromancy     | 3 13 16 17 20 | 20.1
Shields        | 1 7 13 | 13.2
Transmutations | 2 |  2.4
Stealth        | |  2.4

Action                   |  1- 3 |  4- 6 |  7- 9 | 10-12 | 13-15 | 16-18 | 19-21 | 22-24 | 25-27 || total
-------------------------+-------+-------+-------+-------+-------+-------+-------+-------+-------++-------
Melee: Dagger            |       |       |     3 |     3 |       |       |       |       |       ||     6
       Staff             |       |       |       |    17 |     7 |     9 |    20 |    14 |     4 ||    71
       Punch             |       |       |       |     2 |       |       |       |       |       ||     2
Throw: Dart              |       |       |       |     1 |       |       |       |       |       ||     1
 Cast: Foxfire           |    85 |    86 |   180 |   313 |   236 |    28 |     2 |     3 |       ||   933
       Scorch            |     9 |    14 |    74 |   217 |    82 |    16 |     8 |     3 |       ||   423
       Conjure Flame     |     1 |     3 |    13 |    29 |     3 |       |       |       |       ||    49
       Inner Flame       |       |       |    12 |    42 |    41 |     6 |       |       |       ||   101
       Flame Wave        |       |       |     1 |    24 |    31 |    11 |    10 |    10 |     1 ||    88
       Freezing Cloud    |       |       |       |     7 |    79 |     7 |     9 |     1 |       ||   103
       Call Imp          |       |       |       |     5 |       |       |       |       |       ||     5
       Mephitic Cloud    |       |       |       |     1 |       |       |       |       |       ||     1
       Sublimation of Bl |       |       |       |       |   160 |   146 |   123 |    81 |    44 ||   554
       Summon Mana Viper |       |       |       |       |    10 |     5 |     8 |       |       ||    23
       Blink             |       |       |       |       |     7 |    11 |     5 |     6 |     3 ||    32
       Magic Dart        |       |       |       |       |     1 |       |       |       |       ||     1
       Fireball          |       |       |       |       |   142 |   182 |   155 |    91 |     6 ||   576
       Orb of Destructio |       |       |       |       |    95 |   116 |    74 |    98 |    52 ||   435
       Polar Vortex      |       |       |       |       |       |    68 |    85 |    87 |    43 ||   283
       Yara's Violent Un |       |       |       |       |       |     1 |       |       |       ||     1
       Death's Door      |       |       |       |       |       |       |    10 |     7 |     1 ||    18
       Apportation       |       |       |       |       |       |       |       |       |     1 ||     1
Invok: Curse Item        |       |       |       |     4 |     1 |     4 |     3 |       |     1 ||    13
       Shatter the Chain |       |       |       |       |       |       |     2 |       |     1 ||     3
Evoke: Wand              |       |       |       |       |     2 |       |       |       |     2 ||     4
       Lightning rod     |       |       |       |       |     1 |       |       |       |       ||     1
       Condenser vane    |       |       |       |       |     1 |       |       |       |       ||     1
  Use: Scroll            |     1 |       |     9 |    10 |     1 |    11 |     2 |     3 |     6 ||    43
       Potion            |       |       |     2 |     1 |     2 |       |       |     1 |     3 ||     9
Armor: Robe              |     6 |       |     8 |       |       |       |       |       |       ||    14
       Troll leather arm |       |       |       |    37 |    53 |    63 |    87 |    94 |    23 ||   357
Dodge: Dodged            |     5 |     2 |    45 |   180 |   130 |   154 |   147 |   218 |    64 ||   945
Block: Buckler           |       |       |       |       |       |       |    68 |    72 |     7 ||   147
       Kite shield       |       |       |       |       |       |       |       |       |    41 ||    41
